 Dungeon Crawl Stone Soup version 0.20.0-15-g7f486f2 (webtiles) character file.

1883889 dion0 the Conqueror (level 27, 229/245 HPs)
             Began as a Minotaur Monk on June 28, 2017.
             Was the Champion of Qazlal.
             Escaped with the Orb
             ... and 3 runes on June 29, 2017!
             The game lasted 04:11:55 (60492 turns).

dion0 the Conqueror (Minotaur Monk)                Turns: 60492, Time: 04:11:56

Health: 229/245    AC: 44    Str: 19      XL:     27
Magic:  30/30      EV: 26    Int: 10 (18) God:    Qazlal [******]
Gold:   5431       SH: 14    Dex: 23      Spells: 26/34 levels left

rFire    + + .     SeeInvis .   Y - +9 triple sword (vamp)
rCold    . . .     Gourm    .   (shield currently unavailable)
rNeg     + . .     Faith    .   G - +10 storm dragon scales
rPois    .         Spirit   .   (helmet restricted)
rElec    +         Reflect  +   T - +2 cloak {+Inv}
rCorr    .         Harm     .   u - +2 pair of gloves
MR       +++..                  k - +2 pair of boots {Fly}
Stlth    ..........             e - +6 amulet of reflection
Regen    1.3/turn               Q - ring of Kewol {rF++ EV-4 Int+6}
MPRegen  0.3/turn               D - ring "Isheh" {rN+ MR+ Int+5}

@: repel missiles
A: retaliatory headbutt, horns 2, repulsion field 1, frail 1, mutation
resistance 1, sense surroundings 2, regeneration 2
0: Orb of Zot
}: 3/15 runes: decaying, silver, gossamer
a: Upheaval, Elemental Force, Disaster Area, Renounce Religion, Evoke
Invisibility, Evoke Flight


You escaped.
You worshipped Qazlal.
Qazlal was exalted by your worship.
You were not hungry.

You visited 11 branches of the dungeon, and saw 53 of its levels.
You also visited: Ossuary and Ice Cave.

You collected 7707 gold pieces.
You spent 2276 gold pieces at shops.

Inventory:

Hand Weapons
 a - the +5 long sword of the Special Lies {pain, -Tele *Corrode Str+9 SInv}
   (You found it on level 8 of the Dungeon)

   In the hands of one skilled in necromantic magic, it inflicts extra damage on
   living creatures.
   It affects your strength (+9).
   It lets you see invisible.
   It prevents most forms of teleportation.
   It may corrode you when you take damage.
 L - a +3 demon whip of draining
 M - the +8 flail of Emaama {holy, MR+ Int+3}
   (You found it on level 3 of the Depths)

   It has been blessed by the Shining One to cause great damage to the undead
   and demons.
   It affects your intelligence (+3).
   It affects your resistance to hostile enchantments.
 Y - a +9 vampiric triple sword (weapon)
Armour
 k - a +2 pair of boots of flying (worn)
 u - a +2 pair of gloves (worn)
 y - the +9 plate armour "Soammukk" {+Fly}
   (You found it on level 1 of the Realm of Zot)

   It lets you fly.
 G - +10 storm dragon scales (worn)
 J - the +1 chain mail of Okawaru's Delight {MR++ Slay+3 Stlth+}
   (You found it on level 12 of the Dungeon)

   It affects your accuracy and damage with ranged weapons and melee attacks
   (+3).
   It affects your resistance to hostile enchantments.
   It makes you more stealthy.
 T - a +2 cloak of invisibility (worn)
Jewellery
 e - a +6 amulet of reflection (around neck)
 D - the ring "Isheh" (right hand) {rN+ MR+ Int+5}
   (You found it on level 3 of the Swamp)

   [ring of protection from magic]

   It affects your intelligence (+5).
   It protects you from negative energy.
   It affects your resistance to hostile enchantments.
 P - the ring "Lofesiti" {rPois rN+}
   (You acquired it on level 6 of the Lair of Beasts)

   [ring of poison resistance]

   It protects you from poison.
   It protects you from negative energy.
 Q - the ring of Kewol (left hand) {rF++ EV-4 Int+6}
   (You found it on level 11 of the Dungeon)

   [ring of evasion]

   It affects your evasion (-4).
   It affects your intelligence (+6).
   It greatly protects you from fire.
 X - a +3 ring of protection
Wands
 s - a wand of acid (13/15)
 z - a wand of enslavement (22/24)
 A - a wand of scattershot (1/9)
 R - a wand of lightning (12/15)
 W - a wand of confusion (48/48)
Scrolls
 c - 4 scrolls of identify
 g - 24 scrolls of remove curse
 i - 2 scrolls of enchant weapon
 l - a scroll of brand weapon
 n - 20 scrolls of teleportation
 o - 6 scrolls of magic mapping
 p - 5 scrolls of fear
 q - 5 scrolls of holy word
 v - 3 scrolls of silence
 x - 4 scrolls of summoning
 B - 3 scrolls of blinking
 E - a scroll of amnesia
 N - 3 scrolls of fog
Potions
 b - 2 potions of magic
 d - 4 potions of mutation
 f - a potion of resistance
 h - 10 potions of ambrosia
 j - 8 potions of haste
 m - 9 potions of lignification
 r - 7 potions of cancellation
 t - 24 potions of curing
 C - 5 potions of berserk rage
 F - a potion of heal wounds
 I - a potion of brilliance
 K - 4 potions of agility
 V - a potion of flight
Comestibles
 w - 32 fruits
 H - 17 royal jellies
 S - 16 meat rations
 Z - 4 bread rations


   Skills:
 O Level 27 Fighting
   Level 7.1(17.2) Short Blades
 - Level 25.0(25.3) Long Blades
 - Level 18.3 Maces & Flails
 + Level 26.0 Armour
 O Level 27 Dodging
 - Level 1.5 Stealth
 - Level 4.0 Spellcasting
 - Level 3.1 Charms
 - Level 11.0 Invocations


You had 26 spell levels left.
You knew the following spells:

 Your Spells              Type           Power        Failure   Level  Hunger
a - Song of Slaying       Chrm           #.......     30%         2    ##.....
b - Corona                Hex            #......      58%         1    #......
c - Shroud of Golubria    Chrm/Tloc      #.........   52%         2    ##.....
d - Regeneration          Chrm/Necr      #.........   75%         3    ###....


Dungeon Overview and Level Annotations

Branches:
Dungeon (15/15)            Temple (1/1) D:6            Lair (6/6) D:10
  Swamp (4/4) Lair:3       Spider (4/4) Lair:4        Slime (0/5) Lair:6
    Orc (2/2) D:9             Elf (3/3) Orc:2        Vaults (5/5) D:13
  Crypt (3/3) Vaults:2       Tomb (0/3) Crypt:3      Depths (5/5) D:15
    Zot (5/5) Depths:5

Altars:
Ashenzari
Cheibriados
Dithmenos
Elyvilon
Fedhas
Gozag
Hepliaklqana
Kikubaaqudgha
Makhleb
Nemelex Xobeh
Okawaru
Qazlal
Ru
Sif Muna
Trog
Uskayaw
Vehumet
Xom
Yredelemnul
Zin
The Shining One
Jiyva

Shops:
D:12 !   D:13 :   D:15 =   Orc:2 (=[:*   Elf:1 ==   Vaults:1 (   Vaults:3 [
Vaults:5 =}   Depths:2 [   Depths:3 *

Portals:
Hell: Depths:1 Depths:2 Depths:3 Depths:4 Depths:5
Abyss: Depths:2 Depths:4
Pandemonium: Depths:3
Ziggurat: Depths:3
Trove: Elf:1 (give 6 scrolls of blinking)

Annotations:
Zot:5 exclusion: obsidian statue


Innate Abilities, Weirdness & Mutations

You reflexively headbutt those who attack you in melee.
You have a pair of horns on your head.
You are surrounded by a mild repulsion field. (EV +2)
You are frail. (-10% HP)
You are somewhat resistant to further mutation.
You passively map the area around you.
You heal very quickly.


Message History

The toenail golem is engulfed in freezing vapours.
You slice the soul eater!!
The soul eater is heavily wounded.
The soul eater hits you but does no damage.
The toenail golem is engulfed in freezing vapours.
The toenail golem is struck by lightning.
The toenail golem is engulfed in freezing vapours.
The soul eater hits the plant!
The soul eater draws from the surrounding life force!
The soul eater is healed.
The toenail golem is engulfed in freezing vapours.
The soul eater draws from the surrounding life force!
The soul eater is healed.
The toenail golem is engulfed in freezing vapours.
There is an open door here.
The toenail golem is engulfed in freezing vapours.
There is a staircase leading out of the dungeon here.
The toenail golem closely misses you. You furiously retaliate!
You headbutt the toenail golem.
You have escaped!

≈.♣≈≈P♣P≈≈.♣≈##### #.# #...###.#
≈♣P≈≈.♣P≈≈♣♣≈# #.# #...#...#
≈PP≈≈♣.♣≈≈.P≈# #3###.).#...#
≈♣P≈≈♣♣♣≈≈PP≈# #..##...#...#
≈P♣≈≈PPP≈≈♣P≈# ##.##.(.###.#
≈♣.≈≈≈≈5≈≈♣P≈#########.##...###.#
≈P.≈.....≈♣♣≈#...#...........##.#
≈≈≈≈.###.≈≈≈≈#.§.#.###.#####.##.#
.....#§#.53.33§8@#.# #..# #.....
≈≈≈≈.###.≈≈≈≈#.§§#.# ##.## #..#.#
≈.P≈.....≈..≈#...#.# #..# #..#)#
≈♣♣≈≈≈≈≈≈≈♣P≈#####§# ###.###3.#.#
≈P♣≈≈P♣.≈≈♣P≈# #.###.3..##..#.#
≈PP≈≈.♣P≈≈♣.≈# #...3....##3.#.#
≈P♣≈≈♣.P≈≈.P≈# #.....53..#..#.#
≈♣P≈≈..♣≈≈♣P≈# #.......#3#..#.#
≈♣♣≈≈♣P.≈≈P♣≈# #.###...#.#.....


You could see a soul eater, a toenail golem, a sun demon, a neqoxec and a
quasit.

Vanquished Creatures
  6 ancient liches
  5 orbs of fire
  Mara (Vaults:3)
  A shard shrike (Zot:3)
  Margery (Depths:5)
  6 Killer Klowns
  A curse toe (Zot:3)
  8 golden dragons
  Jory (Crypt:1)
  Arachne (Spider:3)
  A bone dragon (Depths:5)
  5 electric golems
  The ghost of Alannah the Warrior, an adept DsBe of Trog (Elf:3)
  3 liches
  18 tentacled monstrosities
  Rupert (D:14)
  25 Orb Guardians (Zot:5)
  10 quicksilver dragons
  An acid blob (Zot:3)
  2 deep elf master archers (Elf:3)
  5 deep elf blademasters (Elf:3)
  6 titans
  6 death cobs
  8 sphinxes
  Gastronok (D:8)
  2 ancient champions
  5 thorn hunters
  Frances (D:14)
  15 shadow dragons
  3 draconian monks
  15 storm dragons
  5 tengu reavers
  6 fire giants
  A revenant (Crypt:2)
  5 draconian knights
  9 frost giants
  17 vault wardens
  4 deep elf sorcerers (Elf:3)
  8 ghost moths
  3 draconian scorchers
  7 emperor scorpions
  3 orc warlords
  A caustic shrike zombie (Crypt:2)
  Louise (Depths:1)
  A balrug (Depths:5)
  The ghost of Dragoran the Imperceptible, an adept SpEn of Dithmenos (Spider:4)
  The ghost of Xenophilius the Severer, an adept GrBe of Trog (Spider:1)
  4 reapers
  3 ghouls
  2 curse skulls (Crypt:3)
  7 draconian annihilators
  An iron dragon (Vaults:5)
  10 deep elf elementalists
  3 spriggan defenders
  21 ironheart preservers
  4 draconian stormcallers
  2 caustic shrike skeletons
  9 draconian shifters
  3 war gargoyles
  38 very ugly things
  An entropy weaver (shapeshifter) (Vaults:3)
  21 stone giants
  3 entropy weavers
  4 large abominations
  3 vampire knights
  3 deep elf demonologists
  4 deep elf annihilators
  15 black draconians
  19 green draconians
  12 dire elephants
  20 purple draconians
  22 yellow draconians
  The ghost of groda1 the Fighter, a journeyman MiBe of Trog (Orc:2)
  2 lorocyprocas (Depths:3)
  A merfolk javelineer (Depths:2)
  6 spark wasps
  15 white draconians
  15 red draconians
  9 fire dragons
  9 eidola
  10 ettins
  A mummy priest (Crypt:3)
  8 jiangshi
  9 deep elf death magi
  A green death (Zot:3)
  14 yaktaur captains
  A quicksilver dragon zombie (Crypt:2)
  Josephine (D:13)
  2 fire dragons (shapeshifter)
  6 deep elf high priests
  31 vault guards
  9 rakshasas
  Erolcha (D:10)
  2 hell beasts
  4 great orbs of eyes
  2 quicksilver dragon skeletons
  2 ghost crabs (Swamp:2)
  15 ice dragons
  An anaconda (Lair:6)
  20 hydras
  3 spriggan air magi
  9 centaur warriors
  4 death knights
  15 ogre magi
  6 alligators
  A catoblepas (D:13)
  28 dancing weapons
  52 two-headed ogres
  8 deep troll shamans
  6 deep troll earth magi
  9 tengu warriors
  4 spriggan berserkers
  4 titan zombies
  15 death yaks
  5 orc high priests
  6 vampire magi
  6 spriggans
  17 hell knights
  Nergalle (D:10)
  5 small abominations
  7 sun demons
  Urug (Lair:4)
  5 soul eaters
  22 deep elf knights
  A storm dragon zombie (Depths:3)
  Sonja (D:13)
  3 iron trolls (Depths:4)
  3 titan skeletons
  4 shadow wraiths
  2 fire crabs (shapeshifter)
  3 anaconda zombies
  9 skeletal warriors
  2 spriggan druids (Swamp:3)
  A shadow demon (D:1)
  A golden dragon zombie (Crypt:3)
  11 swamp dragons
  A spark wasp zombie (Depths:3)
  A glowing orange brain (Depths:5)
  3 unseen horrors
  6 flayed ghosts
  2 shambling mangroves (Swamp:4)
  17 deep elf archers
  An infernal demonspawn (Depths:3)
  3 wizards
  An anaconda skeleton (Crypt:3)
  5 harpies (Vaults:2)
  19 deep trolls
  18 orc knights
  2 shadow dragon zombies
  80 deep elf magi
  A lindwurm (Lair:6)
  17 ironbrand convokers
  3 frost giant zombies
  41 wolf spiders
  16 phantasmal warriors
  10 orb spiders
  A shadow dragon skeleton (Crypt:3)
  An iron dragon zombie (Crypt:3)
  20 necromancers
  2 human zombies (Vaults:3)
  2 salamanders
  A salamander (shapeshifter) (Vaults:4)
  An oklob plant (Lair:4)
  A stone giant zombie (Crypt:1)
  2 tengu skeletons
  7 elephants
  6 cyclopes
  9 orc sorcerers
  2 fire giant zombies
  58 ugly things
  A shock serpent zombie (Crypt:2)
  2 manticores (D:12)
  28 moths of wrath
  The ghost of destino the Ruffian, a novice TrTm of the Shining One (D:5)
  5 black mambas
  4 frost giant skeletons
  15 vault sentinels
  A black mamba (shapeshifter) (Vaults:1)
  3 ice statues (IceCv)
  2 dire elephant zombies
  A guardian serpent (shapeshifter) (Vaults:1)
  2 rust devils (Depths:3)
  10 spiny frogs
  2 torpor snails
  A gargoyle (D:15)
  The ghost of tschems the Shield-Bearer, a novice HuFi (Ossuary)
  A dire elephant skeleton (Crypt:3)
  A spiny frog (shapeshifter) (D:13)
  2 yaktaurs (shapeshifter)
  9 komodo dragons
  A redback zombie (Crypt:2)
  2 efreet (D:13)
  19 freezing wraiths
  A green draconian zombie (Crypt:2)
  A guardian mummy (Crypt:3)
  45 yaktaurs
  17 hellwings
  2 kobold demonologists
  8 rime drakes
  2 tengu conjurers
  8 demonic crawlers
  A wandering mushroom (Lair:4)
  A merfolk (D:15)
  3 hydra zombies
  A catoblepas skeleton (Crypt:3)
  35 jumping spiders
  3 polar bears (shapeshifter)
  A harpy zombie (D:14)
  A meliai (D:13)
  14 trolls
  A harpy skeleton (Crypt:2)
  2 polar bears
  A merfolk (shapeshifter) (Vaults:2)
  14 blink frogs
  A jumping spider (shapeshifter) (Depths:5)
  A sphinx simulacrum (Depths:3)
  3 tyrant leeches
  31 hornets
  A slime creature (shapeshifter) (Depths:4)
  Prince Ribbit (D:8)
  2 ettin zombies (Crypt:3)
  6 bog bodies
  5 dream sheep (Lair:5)
  36 slime creatures
  A hydra skeleton (Crypt:3)
  A meliai zombie (Crypt:1)
  12 hippogriffs
  2 frost giant simulacra
  4 air elementals
  A snapping turtle (shapeshifter) (Vaults:4)
  5 water elementals
  An ice dragon skeleton (Crypt:3)
  11 wraiths
  An alligator skeleton (Crypt:2)
  36 tarantellas
  2 vampires
  An ushabti (Crypt:3)
  10 wyverns
  83 redbacks
  A redback (shapeshifter) (Vaults:2)
  5 shadows
  47 yaks
  A yak (shapeshifter) (Vaults:5)
  11 basilisks
  A hog (shapeshifter) (Vaults:3)
  A fire elemental (Elf:3)
  A yaktaur simulacrum (Vaults:3)
  A tyrant leech zombie (Crypt:2)
  12 vampire mosquitoes
  Menkaure (D:7)
  2 hungry ghosts
  A steam dragon (D:10)
  13 wargs
  22 swamp worms
  2 swamp worms (shapeshifter)
  A naga (shapeshifter) (Vaults:5)
  9 water moccasins
  An acid dragon (Vaults:2)
  A gelid demonspawn skeleton (Crypt:1)
  9 porcupines
  4 sky beasts
  11 swamp drakes
  63 orc warriors
  14 ice beasts
  A black bear (shapeshifter) (Vaults:1)
  A snapping turtle zombie (Crypt:3)
  2 phantoms
  2 black bears
  A two-headed ogre skeleton (Crypt:2)
  16 centaurs
  An eye of draining (D:8)
  3 tengu (shapeshifter)
  7 necrophages
  11 boggarts
  52 ogres
  9 crocodiles
  2 big kobolds
  An elf zombie (Crypt:1)
  3 water moccasin zombies (Ossuary)
  2 earth elementals (Elf:3)
  21 bullfrogs
  2 draconian skeletons (Crypt:2)
  A cyclops skeleton (Crypt:1)
  A queen bee zombie (Crypt:1)
  6 scorpions
  13 wyvern skeletons
  A water moccasin skeleton (D:8)
  An elf simulacrum (Vaults:3)
  10 killer bees
  14 wights
  7 electric eels
  2 howler monkeys
  6 crimson imps
  3 bullfrog zombies
  2 quasits
  4 centaur skeletons
  10 hounds
  16 orc priests
  6 bullfrog skeletons
  A gnoll shaman (Orc:1)
  4 jellies
  23 orc wizards
  5 iguanas
  Natasha (thrice) (D:2)
  4 worker ants
  4 big kobold zombies (Ossuary)
  A deep dwarf skeleton (Crypt:1)
  3 mummies
  3 hound skeletons
  5 gnolls (Orc:1)
  11 adders
  2 swamp drake skeletons (Crypt:2)
  A shadow imp (D:15)
  3 white imps (Lair:4)
  2 ufetubi
  8 adder zombies
  2 adder skeletons
  4 worms (D:3)
  A dart slug (D:1)
  3 leopard geckos
  103 orcs
  3 ball pythons
  12 bats
  5 giant cockroaches
  4 gnoll zombies (Ossuary)
  3 goblins
  6 hobgoblins
  2 quokkas
  5 frilled lizards
  4 hobgoblin zombies (Ossuary)
  12 kobolds
  A kobold skeleton (Crypt:1)
  2 kobold zombies (Ossuary)
  2 leopard gecko skeletons
  An orc skeleton (Crypt:2)
  5 orc zombies
  A quokka skeleton (D:8)
  4 rats
  2 briar patches (Swamp:4)
  5 fungi (Elf:3)
  3 plants
  2 withered plants (Crypt:3)
2599 creatures vanquished.

Vanquished Creatures (collateral kills)
  A deep elf mage (Vaults:1)
1 creature vanquished.

Vanquished Creatures (others)
  3 deep elf master archers (Elf:3)
  A deep elf sorcerer (Elf:3)
  A draconian knight (Zot:3)
  2 draconian stormcallers
  A draconian annihilator (Zot:2)
  A very ugly thing (Vaults:5)
  A stone giant (Depths:5)
  A deep elf demonologist (Elf:2)
  A white draconian (Zot:3)
  A deep elf annihilator (Elf:3)
  A red draconian (Zot:1)
  A yaktaur captain (Vaults:4)
  An ogre mage (Vaults:5)
  A lindwurm (shapeshifter) (Vaults:4)
  A wizard (Vaults:1)
  A moth of wrath (Zot:5)
  2 yaktaurs
  A tyrant leech (Swamp:2)
  A centaur (Vaults:3)
  2 ogres (Vaults:4)
  An orc priest (Orc:1)
  An orc (Elf:2)
  9 briar patches
  14 fungi
  13 plants
  10 withered plants (Crypt:3)
73 creatures vanquished.

Grand Total: 2673 creatures vanquished

Notes
Turn   | Place    | Note
-------+----------+-------------------------------------------
     0 | D:1      | dion0 the Minotaur Monk began the quest for the Orb.
     0 | D:1      | Reached XP level 1. HP: 19/19 MP: 0/0
   254 | D:1      | Reached XP level 2. HP: 22/27 MP: 1/1
   948 | D:2      | Noticed Natasha
   953 | D:2      | Killed Natasha
   953 | D:2      | Reached XP level 3. HP: 23/33 MP: 2/2
  1236 | D:2      | Noticed Natasha
  1245 | D:2      | Killed Natasha
  1245 | D:2      | Reached XP level 4. HP: 26/41 MP: 3/3
  1308 | D:2      | Noticed Natasha
  1328 | D:2      | Killed Natasha
  2108 | D:3      | Found a snail-covered altar of Cheibriados.
  2176 | D:3      | Found a blossoming altar of Fedhas.
  2202 | D:3      | Reached XP level 5. HP: 47/47 MP: 4/4
  2246 | D:3      | Reached skill level 5 in Maces & Flails
  2579 | D:3      | Reached skill level 5 in Dodging
  2888 | D:4      | Noticed an ogre
  2895 | D:4      | HP: 2/47 [ogre/giant club (26)]
  2896 | D:4      | Killed an ogre
  2896 | D:4      | Reached skill level 5 in Fighting
  3261 | D:4      | Reached XP level 6. HP: 35/56 MP: 5/5
  3577 | D:4      | Got an encrusted dagger
  3580 | D:4      | Identified the +7 dagger "Cupaimpol" {vamp, rN+ Int+4} (You found it on level 4 of the Dungeon)
  3647 | D:4      | Reached skill level 1 in Armour
  3745 | D:4      | Found a sparkling altar of Nemelex Xobeh.
  3752 | D:4      | Reached skill level 1 in Short Blades
  3752 | D:4      | Reached XP level 7. HP: 49/62 MP: 6/6
  4150 | D:5      | Entered Level 5 of the Dungeon
  4414 | D:5      | Noticed destino's ghost (novice TrTm)
  4435 | D:5      | Killed destino's ghost
  4435 | D:5      | Reached XP level 8. HP: 18/71 MP: 7/7
  4471 | D:5      | Found a bloodstained altar of Trog.
  4506 | D:5      | Found a sand-covered staircase.
  4511 | Ossuary  | Entered an ossuary
  4661 | Ossuary  | Noticed tschems's ghost (novice HuFi)
  4669 | Ossuary  | Killed tschems's ghost
  5044 | D:5      | Found a stormy altar of Qazlal.
  5048 | D:5      | You fall through a shaft!
  5342 | D:5      | Became a worshipper of Qazlal Stormbringer
  5342 | D:5      | Reached * piety under Qazlal
  5342 | D:5      | Reached ** piety under Qazlal
  5486 | D:6      | Got a faintly glowing ring mail
  5497 | D:6      | Identified the +2 ring mail "Sihuar" {rPois} (You found it on level 6 of the Dungeon)
  5497 | D:6      | Found a staircase to the Ecumenical Temple.
  5557 | D:6      | Reached XP level 9. HP: 53/79 MP: 8/8
  5794 | Temple   | Entered the Ecumenical Temple
  5875 | D:7      | Reached skill level 5 in Armour
  5880 | D:7      | Noticed Menkaure
  5881 | D:7      | Reached skill level 1 in Invocations
  5887 | D:7      | Killed Menkaure
  6291 | D:7      | Reached skill level 5 in Short Blades
  6336 | D:7      | Found a basalt altar of Yredelemnul.
  6609 | D:7      | Gained mutation: You are agile. (Dex +2) [mutagenic meat]
  6610 | D:7      | Gained mutation: Your natural rate of healing is unusually fast. [mutagenic meat]
  6611 | D:7      | Gained mutation: You are partially covered in slimy green scales. (AC +2) [mutagenic meat]
  6613 | D:7      | Lost mutation: You are agile. (Dex +2) [mutagenic meat]
  6720 | D:8      | Noticed Prince Ribbit
  6736 | D:8      | Noticed Gastronok
  6740 | D:8      | Killed Prince Ribbit
  6759 | D:8      | Noticed a two-headed ogre
  6763 | D:8      | Killed Gastronok
  6763 | D:8      | Reached XP level 10. HP: 63/91 MP: 11/11
  6783 | D:8      | Killed a two-headed ogre
  6805 | D:8      | Noticed a two-headed ogre
  6808 | D:8      | Reached *** piety under Qazlal
  6820 | D:8      | Killed a two-headed ogre
  7092 | D:8      | Noticed a two-headed ogre
  7107 | D:8      | Killed a two-headed ogre
  7107 | D:8      | Reached skill level 5 in Invocations
  7146 | D:8      | Got an encrusted long sword
  7196 | D:8      | Reached XP level 11. HP: 99/99 MP: 13/13
  7297 | D:8      | Found a white marble altar of Elyvilon.
  7461 | D:8      | Got a warped dagger
  7462 | D:8      | Identified the +6 dagger "Cadirchu" {venom, rElec} (You found it on level 8 of the Dungeon)
  7463 | D:8      | Identified the +5 long sword of the Special Lies {pain, -Tele *Corrode Str+9 SInv} (You found it on level 8 of the Dungeon)
  7682 | D:9      | Found a shimmering altar of Xom.
  7683 | D:9      | Found a hazy altar of Hepliaklqana.
  7696 | D:9      | Reached skill level 1 in Long Blades
  7756 | D:9      | Noticed a two-headed ogre
  7763 | D:9      | Killed a two-headed ogre
  7763 | D:9      | Reached **** piety under Qazlal
  7763 | D:9      | Reached skill level 10 in Fighting
  8047 | D:9      | Found a staircase to the Orcish Mines.
  8346 | D:10     | Entered Level 10 of the Dungeon
  8347 | D:10     | Noticed Erolcha
  8358 | D:10     | Killed Erolcha
  8431 | D:10     | Found a staircase to the Lair.
  8442 | D:10     | Noticed Nergalle
  8451 | D:10     | Killed Nergalle
  8451 | D:10     | Reached skill level 5 in Long Blades
  8466 | D:10     | Noticed a two-headed ogre
  8475 | D:10     | Killed a two-headed ogre
  8475 | D:10     | Reached ***** piety under Qazlal
  8567 | D:10     | Found a bloodstained altar of Trog.
  8653 | D:10     | Noticed a two-headed ogre
  8665 | D:10     | Killed a two-headed ogre
  8830 | D:10     | Reached skill level 10 in Dodging
  8890 | D:10     | Reached XP level 12. HP: 95/108 MP: 15/15
  9072 | D:11     | Got a faintly glowing steel ring
  9074 | D:11     | Identified the cursed ring of Kewol {rF++ EV-4 Int+6} (You found it on level 11 of the Dungeon)
  9127 | D:11     | Noticed a two-headed ogre
  9131 | D:11     | Killed a two-headed ogre
  9381 | D:11     | Noticed a two-headed ogre
  9388 | D:11     | Killed a two-headed ogre
  9388 | D:11     | Reached skill level 1 in Spellcasting
  9389 | D:11     | Noticed a death knight
  9662 | D:11     | Killed a death knight
  9718 | D:11     | Noticed a two-headed ogre
  9735 | D:11     | Killed a two-headed ogre
  9865 | D:11     | Reached skill level 10 in Armour
 10052 | D:11     | Identified a scroll of acquirement
 10160 | D:12     | Found Saha's Distillery.
 10184 | D:12     | Bought a potion of curing for 36 gold pieces
 10184 | D:12     | Bought a potion of curing for 36 gold pieces
 10184 | D:12     | Bought a potion of mutation for 96 gold pieces
 10333 | D:12     | Reached skill level 10 in Long Blades
 10345 | D:12     | Got a bloodstained chain mail
 10356 | D:12     | Identified the cursed +1 chain mail of Okawaru's Delight {MR++ Slay+3 Stlth+} (You found it on level 12 of the Dungeon)
 10359 | D:12     | Learned a level 2 spell: Song of Slaying
 10361 | D:12     | Learned a level 1 spell: Corona
 10364 | D:12     | Learned a level 2 spell: Shroud of Golubria
 10828 | D:13     | Noticed Sonja
 10831 | D:13     | Killed Sonja
 10831 | D:13     | Reached skill level 1 in Charms
 10862 | D:13     | Reached ****** piety under Qazlal
 10900 | D:13     | Reached XP level 13. HP: 113/117 MP: 16/16
 11558 | D:13     | Noticed Josephine
 11576 | D:13     | Killed Josephine
 11638 | D:13     | Found Kuatyt's Book Shoppe.
 11683 | D:13     | Learned a level 3 spell: Regeneration
 11839 | D:13     | Found a gate to the Vaults.
 12293 | Lair:1   | Entered Level 1 of the Lair of Beasts
 13619 | Lair:2   | Got a twisted trident
 13620 | Lair:2   | Identified the +3 trident of the Briny Deep {flame, +Blink rPois rN+ Str-5} (You found it on level 2 of the Lair of Beasts)
 14245 | Lair:3   | Got a blackened quarterstaff
 14246 | Lair:3   | Identified the +3 quarterstaff of Utiu {crush, +Blink rPois rF- rN+} (You found it on level 3 of the Lair of Beasts)
 14548 | Lair:3   | Found a staircase to the Swamp.
 15005 | Lair:4   | Reached XP level 14. HP: 127/127 MP: 19/19
 15289 | Lair:4   | Noticed Urug
 15301 | Lair:4   | Killed Urug
 15450 | Lair:4   | Found a hole to the Spider Nest.
 15511 | Lair:4   | Noticed a thorn hunter
 15511 | Lair:4   | an oklob plant changed into a thorn hunter
 15526 | Lair:4   | Killed a thorn hunter
 16859 | Lair:6   | Entered Level 6 of the Lair of Beasts
 17391 | Lair:6   | Reached XP level 15. HP: 67/138 MP: 20/20
 17493 | Lair:6   | Found a viscous altar of Jiyva.
 17493 | Lair:6   | Found a staircase to the Slime Pits.
 18110 | Lair:6   | Got a clouded turquoise ring
 18113 | Lair:6   | Identified the ring "Lofesiti" {rPois rN+} (You acquired it on level 6 of the Lair of Beasts)
 19033 | Orc:1    | Entered Level 1 of the Orcish Mines
 19050 | Orc:1    | Reached skill level 15 in Fighting
 19057 | Orc:1    | Found a frozen archway.
 19128 | IceCv    | Entered an ice cave
 19233 | IceCv    | Gained mutation: You are clumsy. (Dex -2) [mutagenic meat]
 19510 | Orc:1    | Found a bloodstained altar of Trog.
 19654 | Orc:1    | Noticed an orc warlord
 19668 | Orc:1    | Killed an orc warlord
 19838 | Orc:2    | Entered Level 2 of the Orcish Mines
 19850 | Orc:2    | Noticed groda1's ghost (journeyman MiBe)
 19877 | Orc:1    | Reached skill level 15 in Long Blades
 19907 | Orc:2    | Found Ettih's Antique Armour Shop.
 19984 | Orc:2    | Noticed an orc warlord
 20034 | Orc:2    | Killed an orc warlord
 20125 | Orc:2    | Killed groda1's ghost
 20159 | Orc:2    | Noticed an orc warlord
 20248 | Orc:2    | Killed an orc warlord
 20345 | Orc:2    | Found Rosamn's Book Emporium.
 20457 | Orc:2    | Found Waunk's Jewellery Shoppe.
 20480 | Orc:2    | Found a staircase to the Elven Halls.
 20547 | Orc:2    | Found Osuata's General Store.
 20711 | Orc:2    | Found Veosofo's Antique Weapon Shoppe.
 21012 | Swamp:1  | Entered Level 1 of the Swamp
 21163 | Swamp:1  | Reached XP level 16. HP: 128/150 MP: 21/21
 21404 | Orc:2    | Bought a +6 amulet of reflection for 936 gold pieces
 21787 | Swamp:1  | Got a dazzling plate armour
 21798 | Swamp:1  | Identified the +3 plate armour of the Enchanted Forest {rC+} (You found it on level 1 of the Swamp)
 22279 | Swamp:2  | Noticed a thorn hunter
 22299 | Swamp:2  | Killed a thorn hunter
 22889 | Swamp:3  | Noticed a thorn hunter
 22894 | Swamp:3  | Killed a thorn hunter
 23211 | Swamp:3  | Got a fine lapis lazuli ring
 23212 | Swamp:3  | Identified the ring "Isheh" {rN+ MR+ Int+5} (You found it on level 3 of the Swamp)
 23645 | Swamp:4  | Entered Level 4 of the Swamp
 23659 | Swamp:4  | Noticed a thorn hunter
 23670 | Swamp:4  | Killed a thorn hunter
 23938 | Swamp:4  | Noticed a thorn hunter
 23946 | Swamp:4  | Killed a thorn hunter
 23946 | Swamp:4  | Reached skill level 15 in Dodging
 24001 | Swamp:4  | Got a decaying rune of Zot
 24633 | Spider:1 | Entered Level 1 of the Spider Nest
 25130 | Spider:1 | Reached XP level 17. HP: 149/160 MP: 22/22
 25225 | Spider:1 | Noticed Xenophilius's ghost (adept GrBe)
 25262 | Spider:1 | Killed Xenophilius's ghost
 28274 | Spider:4 | Entered Level 4 of the Spider Nest
 28286 | Spider:4 | Noticed Dragoran's ghost (adept SpEn)
 28336 | Spider:4 | Killed Dragoran's ghost
 28381 | Spider:4 | Noticed Arachne
 28406 | Spider:3 | Killed Arachne
 29132 | Spider:4 | Reached skill level 15 in Armour
 29328 | Spider:3 | Reached XP level 18. HP: 139/171 MP: 9/23
 29548 | Spider:4 | Gained mutation: Scrolls take you a little longer to read. [mutagenic meat]
 29551 | Spider:4 | Lost mutation: You are clumsy. (Dex -2) [potion of mutation]
 29551 | Spider:4 | Lost mutation: You are partially covered in slimy green scales. (AC +2) [potion of mutation]
 29551 | Spider:4 | Lost mutation: Scrolls take you a little longer to read. [potion of mutation]
 29551 | Spider:4 | Gained mutation: You are surrounded by a mild repulsion field. (EV +2) [potion of mutation]
 29551 | Spider:4 | Gained mutation: You have a pair of large horns on your head. [potion of mutation]
 29606 | Spider:4 | Gained mutation: You expend magic power (3 MP) to strengthen your wands. [mutagenic meat]
 29754 | Spider:4 | Got a gossamer rune of Zot
 30053 | Vaults:1 | Entered Level 1 of the Vaults
 30055 | Vaults:1 | Found Wuvusuph's Weapon Shop.
 30258 | Vaults:1 | Gained mutation: You heal very quickly. [mutagenic meat]
 30612 | Vaults:1 | Gained mutation: You tend to lose your temper in combat. [mutagenic meat]
 30613 | Vaults:1 | Gained mutation: You are robust. (+10% HP) [mutagenic meat]
 30615 | Vaults:1 | Gained mutation: You passively map a small area around you. [mutagenic meat]
 30616 | Vaults:1 | Gained mutation: You have large cloven feet. [mutagenic meat]
 31571 | Elf:1    | Entered Level 1 of the Elven Halls
 31807 | Elf:1    | Reached XP level 19. HP: 199/199 MP: 24/24
 31872 | Elf:1    | Found Ixadoid's Jewellery Shop.
 31898 | Elf:1    | Found Qopyll's Gadget Shoppe.
 31899 | Elf:1    | Found Olosmipn's Jewellery Shop.
 32208 | Elf:1    | Found a portal to a secret trove of treasure.
 32654 | Elf:2    | Noticed a Brimstone Fiend
 32825 | Elf:2    | Found a runed gate.
 32831 | Elf:2    | Found a runed gate.
 32831 | Elf:2    | Found a runed gate.
 33580 | Elf:3    | Entered Level 3 of the Elven Halls
 33584 | Elf:3    | Got a steaming ring mail
 33595 | Elf:3    | Identified the +2 ring mail of a labyrinth {*Drain Int+5 SInv} (You found it on level 3 of the Elven Halls)
 33982 | Elf:3    | Noticed Alannah's ghost (adept DsBe)
 34004 | Elf:3    | Killed Alannah's ghost
 34301 | Elf:3    | Reached XP level 20. HP: 178/212 MP: 25/25
 34369 | Elf:3    | Got a ring of the Octopus King
 34495 | Elf:3    | Got a warped scimitar {elec}
 34497 | Elf:3    | Identified a ring of the Octopus King {rC+ AC+1 EV+1 Str+1 Int+1 Dex+1} (You found it on level 3 of the Elven Halls)
 34498 | Elf:3    | Identified the +6 scimitar "Yqyupt" {elec, rElec} (You took it off a deep elf sorcerer on level 3 of the Elven Halls)
 34558 | Elf:3    | Got a scorched shortbow
 35442 | D:14     | Found a runed door.
 35444 | D:14     | Noticed Rupert
 35451 | D:14     | Noticed Frances
 35462 | D:14     | Killed Frances
 35643 | D:14     | Found a runed door.
 35939 | D:14     | Killed Rupert
 36137 | D:15     | Entered Level 15 of the Dungeon
 36614 | D:15     | Found Mutyguno's Jewellery Emporium.
 36693 | D:15     | Found a staircase to the Depths.
 37427 | Vaults:2 | Found a staircase to the Crypt.
 38735 | Vaults:3 | Reached XP level 21. HP: 223/223 MP: 26/26
 38775 | Vaults:3 | Noticed Mara
 38796 | Vaults:3 | Noticed dion0's illusion
 38815 | Vaults:3 | Killed Mara
 39741 | Vaults:3 | Found Weleple's Antique Armour Shop.
 39756 | Vaults:3 | Bought a jewelled scale mail for 342 gold pieces
 39756 | Vaults:3 | Bought a pair of glowing boots for 285 gold pieces
 39757 | Vaults:3 | Identified the +3 scale mail of the Shore {MP+9} (You bought it in a shop on level 3 of the Vaults)
 40047 | Vaults:4 | Paralysed by a hornet for 2 turns
 41588 | Vaults:5 | Entered Level 5 of the Vaults
 41592 | Vaults:5 | Reached XP level 22. HP: 206/236 MP: 5/27
 42262 | Depths:1 | Entered Level 1 of the Depths
 42302 | Depths:1 | Found a magical portal.
 42439 | Depths:1 | Found a snail-covered altar of Cheibriados.
 42700 | Depths:1 | Found a gateway to Hell.
 43078 | Depths:2 | Found a one-way gate to the infinite horrors of the Abyss.
 43080 | Depths:2 | Noticed Louise
 43128 | Depths:1 | Killed Louise
 43757 | Depths:2 | Found Tiagou Aptuo's Antique Armour Shop.
 44231 | Depths:3 | Reached XP level 23. HP: 249/249 MP: 28/28
 44267 | Depths:3 | Got a fine flail
 44269 | Depths:3 | Identified the +8 flail of Emaama {holy, MR+ Int+3} (You found it on level 3 of the Depths)
 44294 | Depths:3 | Reached skill level 10 in Maces & Flails
 44349 | Depths:3 | Found Guus's Hallowed Reliquary.
 44349 | Depths:3 | Found a glowing golden altar of the Shining One.
 44357 | Depths:3 | Bought a potion of heal wounds for 105 gold pieces
 44357 | Depths:3 | Bought a potion of curing for 63 gold pieces
 44357 | Depths:3 | Bought a scroll of holy word for 157 gold pieces
 44357 | Depths:3 | Bought a potion of curing for 63 gold pieces
 44357 | Depths:3 | Bought a scroll of holy word for 157 gold pieces
 44405 | Depths:3 | Found a gateway to a ziggurat.
 44740 | Depths:3 | Found a one-way gate leading to the halls of Pandemonium.
 45199 | Depths:4 | Reached skill level 10 in Invocations
 46079 | Depths:5 | Entered Level 5 of the Depths
 46135 | Depths:5 | Noticed Margery
 46162 | Depths:5 | Killed Margery
 46784 | Depths:5 | Reached XP level 24. HP: 260/260 MP: 30/30
 47025 | Depths:5 | Found a gate to the Realm of Zot.
 47781 | Vaults:4 | Reached skill level 15 in Maces & Flails
 48059 | Vaults:5 | Got a brightly glowing amber ring
 48279 | Vaults:5 | Got a silver rune of Zot
 48356 | Vaults:5 | Found Veewkid's Jewellery Shop.
 48369 | Vaults:5 | Found Faydy's Gadget Shoppe.
 48505 | Vaults:5 | Reached XP level 25. HP: 263/271 MP: 30/30
 48980 | Vaults:5 | Identified the cursed ring "Weojismoocid" {rF+ rC- rN+ Int-2} (You took it off a deep elf elementalist on level 5 of the Vaults)
 49171 | Crypt:1  | Entered Level 1 of the Crypt
 49198 | Crypt:1  | Noticed Jory
 49217 | Crypt:1  | Killed Jory
 50426 | Crypt:2  | Found a blossoming altar of Fedhas.
 50842 | Crypt:3  | Entered Level 3 of the Crypt
 51053 | Crypt:3  | Found an ancient bone altar of Kikubaaqudgha.
 51926 | Crypt:3  | Found a staircase to the Tomb.
 52189 | Crypt:3  | Noticed an ancient lich
 52196 | Crypt:3  | Killed an ancient lich
 53101 | Zot:1    | Entered Level 1 of the Realm of Zot
 53180 | Zot:1    | Reached XP level 26. HP: 284/284 MP: 30/30
 53190 | Zot:1    | Noticed an orb of fire
 53207 | Zot:1    | Gained mutation: You are clumsy. (Dex -2) [an orb of fire]
 53211 | Zot:1    | Gained mutation: Armour fits poorly on your strangely shaped body. [an orb of fire]
 53214 | Zot:1    | Gained mutation: Your magical capacity is low. (-10% MP) [an orb of fire]
 53217 | Zot:1    | Gained mutation: You often lose your temper in combat. [an orb of fire]
 53222 | Zot:1    | Killed an orb of fire
 53979 | Zot:1    | Got a faintly glowing plate armour
 53990 | Zot:1    | Identified the +9 plate armour "Soammukk" {+Fly} (You found it on level 1 of the Realm of Zot)
 56470 | Zot:3    | Reached XP level 27. HP: 298/298 MP: 27/27
 56934 | Zot:3    | Reached skill level 27 in Fighting
 57067 | Zot:3    | Lost mutation: You have large cloven feet. [potion of mutation]
 57067 | Zot:3    | Lost mutation: Your magical capacity is low. (-10% MP) [potion of mutation]
 57067 | Zot:3    | Gained mutation: You have an increased reservoir of magic. (+10% MP) [potion of mutation]
 57068 | Zot:3    | Lost mutation: You are clumsy. (Dex -2) [potion of mutation]
 57068 | Zot:3    | Lost mutation: You often lose your temper in combat. [potion of mutation]
 57068 | Zot:3    | Lost mutation: You have an increased reservoir of magic. (+10% MP) [potion of mutation]
 57068 | Zot:3    | Lost mutation: You tend to lose your temper in combat. [potion of mutation]
 57068 | Zot:3    | Lost mutation: You are robust. (+10% HP) [potion of mutation]
 57068 | Zot:3    | Gained mutation: Your mind is acute. (Int +2) [potion of mutation]
 57069 | Zot:3    | Lost mutation: You have a pair of large horns on your head. [potion of mutation]
 57069 | Zot:3    | Lost mutation: Armour fits poorly on your strangely shaped body. [potion of mutation]
 57069 | Zot:3    | Lost mutation: Your mind is acute. (Int +2) [potion of mutation]
 57069 | Zot:3    | Gained mutation: You are weak. (Str -2) [potion of mutation]
 57069 | Zot:3    | Gained mutation: You are somewhat resistant to further mutation. [potion of mutation]
 57070 | Zot:3    | Lost mutation: You expend magic power (3 MP) to strengthen your wands. [potion of mutation]
 57070 | Zot:3    | Lost mutation: You are weak. (Str -2) [potion of mutation]
 57070 | Zot:3    | Gained mutation: You occasionally shout uncontrollably at your foes. [potion of mutation]
 57968 | Zot:4    | Reached skill level 27 in Dodging
 58776 | Zot:5    | Entered Level 5 of the Realm of Zot
 59044 | Zot:5    | Noticed an ancient lich
 59058 | Zot:5    | Killed an ancient lich
 59069 | Zot:5    | Noticed an ancient lich
 59083 | Zot:5    | Noticed an ancient lich
 59083 | Zot:5    | Killed an ancient lich
 59089 | Zot:5    | Killed an ancient lich
 59149 | Zot:5    | Noticed an ancient lich
 59156 | Zot:5    | Killed an ancient lich
 59168 | Zot:5    | Noticed an orb of fire
 59199 | Zot:5    | Killed an orb of fire
 59258 | Zot:5    | Noticed an orb of fire
 59265 | Zot:5    | Noticed an orb of fire
 59265 | Zot:5    | Gained mutation: Your body sometimes deteriorates upon taking damage. [an orb of fire]
 59271 | Zot:5    | Gained mutation: You are dopey. (Int -2) [an orb of fire]
 59275 | Zot:5    | Gained mutation: You sometimes yell uncontrollably at your foes. [an orb of fire]
 59276 | Zot:5    | Killed an orb of fire
 59280 | Zot:5    | Gained mutation: You are frail. (-10% HP) [an orb of fire]
 59286 | Zot:5    | Gained mutation: Potions are less effective at restoring your health. [an orb of fire]
 59292 | Zot:5    | Lost mutation: You are dopey. (Int -2) [an orb of fire]
 59306 | Zot:5    | Killed an orb of fire
 59326 | Zot:5    | Lost mutation: You sometimes yell uncontrollably at your foes. [potion of mutation]
 59326 | Zot:5    | Lost mutation: You occasionally shout uncontrollably at your foes. [potion of mutation]
 59326 | Zot:5    | Lost mutation: You are frail. (-10% HP) [potion of mutation]
 59326 | Zot:5    | Gained mutation: You passively map the area around you. [potion of mutation]
 59327 | Zot:5    | Lost mutation: Your body sometimes deteriorates upon taking damage. [potion of mutation]
 59327 | Zot:5    | Lost mutation: You are somewhat resistant to further mutation. [potion of mutation]
 59327 | Zot:5    | Gained mutation: Your system is resistant to poisons. (rPois) [potion of mutation]
 59327 | Zot:5    | Lost mutation: Your system is resistant to poisons. (rPois) [potion of mutation]
 59327 | Zot:5    | Gained mutation: Your flesh is heat resistant. (rF+) [potion of mutation]
 59364 | Zot:5    | Noticed an orb of fire
 59367 | Zot:5    | Noticed an ancient lich
 59370 | Zot:5    | Gained mutation: Scrolls take you a little longer to read. [an orb of fire]
 59375 | Zot:5    | Gained mutation: Your spells are a little easier to cast, but a little less powerful. [an orb of fire]
 59379 | Zot:5    | Gained mutation: You occasionally shout uncontrollably at your foes. [an orb of fire]
 59387 | Zot:5    | Killed an orb of fire
 59391 | Zot:5    | Killed an ancient lich
 59522 | Zot:5    | Lost mutation: Scrolls take you a little longer to read. [potion of mutation]
 59522 | Zot:5    | Lost mutation: You occasionally shout uncontrollably at your foes. [potion of mutation]
 59522 | Zot:5    | Lost mutation: Your spells are a little easier to cast, but a little less powerful. [potion of mutation]
 59522 | Zot:5    | Lost mutation: Your flesh is heat resistant. (rF+) [potion of mutation]
 59522 | Zot:5    | Lost mutation: Potions are less effective at restoring your health. [potion of mutation]
 59522 | Zot:5    | Gained mutation: You are somewhat resistant to further mutation. [potion of mutation]
 59567 | Zot:5    | Noticed an ancient lich
 59719 | Zot:5    | Got the Orb of Zot
 59767 | Zot:4    | Noticed Ifoacor the pandemonium lord
 59968 | Depths:5 | Noticed Exunap the pandemonium lord
 60218 | D:12     | Gained mutation: You are frail. (-10% HP) [a neqoxec]
 60492 | D:$      | Escaped with the Orb!

Skill      XL: |  1  2  3  4  5  6  7  8  9 10 11 12 13 14 15 16 17 18 19 20 21 22 23 24 25 26 27 |
---------------+----------------------------------------------------------------------------------+-----
Maces & Flails | 4 5 6 7 9 13 15 17 18 | 18.3
Dodging        | 4 5 6 7 8 9 10 11 12 14 15 16 17 18 19 20 21 22 23 24 27 | 27.0
Fighting       | 4 5 6 7 9 10 11 12 14 15 16 17 18 19 20 22 23 24 25 26 27 | 27.0
Armour         | 1 3 4 6 7 9 10 11 13 15 16 17 18 19 20 26 | 26.0
Short Blades   | 1 3 4 6 7 |  7.1
Invocations    | 3 5 6 9 11 | 11.0
Long Blades    | 7 10 12 14 15 16 17 19 20 21 22 23 24 25 | 25.0
Spellcasting   | 2 4 |  4.0
Charms         | 1 3 |  3.1
Stealth        | |  1.5

Action                   |  1- 3 |  4- 6 |  7- 9 | 10-12 | 13-15 | 16-18 | 19-21 | 22-24 | 25-27 || total
-------------------------+-------+-------+-------+-------+-------+-------+-------+-------+-------++-------
Melee: Mace              |    42 |    87 |       |       |       |       |       |       |       ||   129
       Headbutt          |     7 |    19 |    70 |   211 |   419 |   426 |   456 |   452 |   806 ||  2866
       Flail             |       |    22 |       |       |       |       |       |       |       ||    22
       Dagger            |       |    15 |   321 |    89 |       |       |       |       |       ||   425
       Long sword        |       |       |       |   442 |   806 |   277 |       |       |       ||  1525
       Great mace        |       |       |       |       |    23 |       |       |       |       ||    23
       Triple sword      |       |       |       |       |   311 |  1080 |  1402 |  1303 |  2129 ||  6225
 Cast: Song of Slaying   |       |       |       |       |       |       |       |     1 |       ||     1
Invok: Disaster Area     |       |       |       |       |       |     2 |     6 |     8 |     5 ||    21
       Upheaval          |       |       |       |       |       |     2 |     7 |       |       ||     9
       Elemental Force   |       |       |       |       |       |     1 |       |       |       ||     1
 Abil: Evoke Blink       |       |       |       |       |     1 |       |       |       |       ||     1
       Stop Flying       |       |       |       |       |       |       |     1 |       |       ||     1
Evoke: Wand              |       |       |       |       |    16 |     2 |       |       |       ||    18
  Use: Scroll            |       |       |    14 |    15 |     7 |     7 |    19 |    16 |    14 ||    92
       Potion            |       |       |     3 |     5 |     7 |     3 |     7 |     1 |    20 ||    46
 Stab: Sleeping          |     3 |     4 |     4 |       |       |       |       |       |       ||    11
       Invisible         |       |       |       |       |       |       |       |       |     1 ||     1
       Confused          |       |       |       |       |       |       |       |       |     1 ||     1
  Eat: Chunk             |     1 |     7 |     9 |    13 |    29 |    26 |    19 |     9 |     3 ||   116
       Bread ration      |       |     1 |     1 |       |       |     4 |     4 |     3 |     7 ||    20
       Royal jelly       |       |     1 |       |     1 |       |       |       |       |       ||     2
       Meat ration       |       |       |       |       |     2 |     2 |       |       |       ||     4
       Fruit             |       |       |       |       |       |     6 |     1 |       |    11 ||    18
Armor: Robe              |     8 |    10 |    21 |       |       |       |       |       |       ||    39
       Ring mail         |       |       |    31 |    64 |       |       |       |       |       ||    95
       Plate armour      |       |       |       |    67 |       |       |       |       |       ||    67
       Chain mail        |       |       |       |    20 |   566 |   963 |   366 |   328 |       ||  2243
       Storm dragon scal |       |       |       |       |       |       |       |   319 |   888 ||  1207
Dodge: Dodged            |    26 |    82 |   176 |   332 |   633 |  1200 |   775 |  1416 |  1515 ||  6155
       Deflected         |       |       |       |    10 |    16 |    23 |    50 |    46 |    36 ||   181
Block: Other             |       |       |    12 |   140 |   395 |  1271 |   820 |  1047 |  1174 ||  4859
       Reflection        |       |       |       |       |       |    16 |    80 |    68 |     7 ||   171
       Rpst.: Long sword |       |       |       |    64 |    84 |    59 |       |       |       ||   207
       Triple sword      |       |       |       |       |    65 |   146 |   172 |   260 |   225 ||   868
